 Dungeon Crawl Stone Soup version 0.13.1-2-gfb2c2b7 (webtiles) character file.

238 Lilouch the Skirmisher (level 4, -5/36 HPs)
             Began as a Demonspawn Chaos Knight on Dec 11, 2013.
             Was a Plaything of Xom.
             Slain by a goliath beetle (17 damage)
             ... on Level 4 of the Dungeon.
             The game lasted 00:09:01 (2058 turns).

Lilouch the Skirmisher (Demonspawn Chaos Knight)    Turns: 2058, Time: 00:09:02

HP  -5/36        AC  8     Str 14      XL: 4   Next: 63%
MP   4/4         EV 16     Int 13      God: Xom
Gold 126         SH  0     Dex 12      Spells:  0 memorised,  3 levels left

Res.Fire  : + . .   See Invis. : .   a - +0 spear (chaos) (curse) {=f}
Res.Cold  : . . .   Warding    : .   p - +2 ring mail {rF+}
Life Prot.: . . .   Conserve   : .   (no shield)
Res.Poison: .       Res.Corr.  : .   (no helmet)
Res.Elec. : .       Clarity    : .   (no cloak)
Sust.Abil.: . .     Spirit.Shd : .   (no gloves)
Res.Mut.  : .       Stasis     : .   (no boots)
Res.Rott. : .       Flight     : .   (no amulet)
Saprovore : + . .                    k - +1 ring of evasion
                                     e - +6 ring of evasion

@: drained, slightly resistant to hostile enchantments, extremely unstealthy
A: hooves 1, saprovore 1, AC +1
a: Renounce Religion


You were on level 4 of the Dungeon.
You worshipped Xom.
You were a special plaything of Xom.
You were hungry.

You visited 1 branch of the dungeon, and saw 4 of its levels.

You collected 106 gold pieces.

Inventory:

Hand weapons
 a - a cursed +0,+0 spear of chaos (weapon) {=f}
 B - a -1,+0 orcish spear
 G - a -1,+0 orcish spear
 H - a -1,+0 orcish spear
 I - a -1,+0 orcish spear
Missiles
 d - 18 poisoned needles
 y - 21 sling bullets
 E - a throwing net (quivered)
Armour
 b - a +2 leather armour
 o - a +0 chain mail
 p - a +2 ring mail of fire resistance (worn)
Comestibles
 c - 5 bread rations
 n - a meat ration
 A - a choko
Scrolls
 f - 2 scrolls of random uselessness {unknown}
 g - 3 scrolls of enchant weapon I {unknown}
 j - 3 scrolls of remove curse {unknown}
 l - a scroll of magic mapping {unknown}
 r - a scroll of blinking {unknown}
 s - a scroll of noise {unknown}
 t - a scroll of curse jewellery {unknown}
 u - 2 scrolls of fog {unknown}
 x - a scroll of recharging {unknown}
 C - a scroll of teleportation {unknown}
Jewellery
 e - a +6 ring of evasion (left hand)
 i - an uncursed ring of fire
 k - a +1 ring of evasion (right hand)
Potions
 h - 3 potions of curing {unknown}
 m - 2 potions of mutation {unknown}
 q - a potion of restore abilities {unknown}
 v - a potion of beneficial mutation {unknown}
 w - a potion of speed {unknown}
 D - a potion of might {unknown}


   Skills:
 * Level 4.3(3.8) Fighting
 + Level 3.4(2.9) Polearms
 + Level 2.6(2.1) Armour
 - Level 0.8(0.4) Dodging


You had 3 spell levels left.
You didn't know any spells.

Dungeon Overview and Level Annotations

Branches:
Dungeon (4/27)
 Temple: D:4-7

Altars:
Elyvilon


Innate Abilities, Weirdness & Mutations

You have large cloven feet.
You are partially covered in rugged brown scales (AC +1, +3% HP).
You can tolerate rotten meat.


Message History

You start resting.
You are feeling hungry.
You start resting.
Xom notices you.
Nothing appears to happen.
You climb downwards.
The bat hits you but does no damage. The goliath beetle bites you!
Ouch! That really hurt!
There is a stone staircase leading up here.
You hit the goliath beetle but do no damage.
The goliath beetle is severely wounded.
The bat hits you.
You hit the goliath beetle but do no damage.
The goliath beetle seems to speed up.
Xom thinks this is hilarious!
The goliath beetle is severely wounded.
The goliath beetle misses you. The bat barely misses you.
The goliath beetle bites you!
You die...
Xom thinks this is hilarious!

#######
#B@...#
#.B.b.#
#.....#
##.....#
......#
##.....#
#.....#
#..).)#
.......


You could see 2 goliath beetles and a bat.

Vanquished Creatures
  Terence (D:3)
  An adder (D:2)
  2 giant mites (D:3)
  2 worms (D:3)
  3 orcs (D:3)
  4 ball pythons
  6 bats
  6 giant cockroaches
  2 goblins
  7 hobgoblins
  5 jackals (D:3)
  A quokka (D:3)
  3 giant geckos
  4 giant newts
  6 kobolds
  4 rats
  A butterfly (D:2)
58 creatures vanquished.

Notes
Turn   | Place    | Note
--------------------------------------------------------------
     0 | D:1      | Lilouch, the Demonspawn Chaos Knight, began the quest for the Orb.
     0 | D:1      | Reached XP level 1. HP: 16/16 MP: 1/1
    52 | D:1      | XOM: potion effect (agility)
    86 | D:1      | Gained mutation: You have large cloven feet. [demonic ancestry]
    86 | D:1      | Reached XP level 2. HP: 19/22 MP: 2/2
   261 | D:1      | XOM: silly message
   380 | D:1      | XOM: medium Necr miscast
   487 | D:1      | XOM: mild Pois miscast
   535 | D:2      | Gained mutation: You can tolerate rotten meat. [demonic ancestry]
   535 | D:2      | Reached XP level 3. HP: 25/28 MP: 3/3
   575 | D:2      | XOM: noise
   598 | D:2      | XOM: harmless Hex miscast
   676 | D:2      | Found a white marble altar of Elyvilon.
   804 | D:2      | XOM: harmless Ice miscast
   840 | D:2      | XOM: silly message
   893 | D:2      | XOM: colour smoke trail
  1144 | D:3      | XOM: medium Chrm miscast
  1201 | D:3      | Gained mutation: You are partially covered in rugged brown scales (AC +1, +3% HP). [demonic ancestry]
  1201 | D:3      | Reached XP level 4. HP: 18/35 MP: 4/4
  1323 | D:3      | Reached skill level 4 in Fighting
  1508 | D:3      | Noticed Terence
  1524 | D:3      | Killed Terence
  1746 | D:3      | XOM: swap monsters
  1888 | D:4      | XOM: polymorph goblin -> bat
  1890 | D:4      | Noticed a centaur
  1890 | D:4      | a scorpion changed into a centaur
  1890 | D:4      | XOM: polymorph scorpion -> centaur
  1905 | D:4      | a centaur changed into a goliath beetle
  2053 | D:3      | XOM: harmless Pois miscast
  2058 | D:4      | Slain by a goliath beetle

Action                   |  1- 3 |  4- 6 || total
-------------------------+-------+-------++-------
Melee: Spear             |   133 |    86 ||   219
 Stab: Sleeping          |     1 |       ||     1
       Confused          |     1 |       ||     1
       Paralysed         |     1 |       ||     1
       Petrified         |       |     3 ||     3
